 Dungeon Crawl Stone Soup version 0.22-a0-231-g1b571ea (webtiles) character file.

75 wolfsongas the Skirmisher (level 4, 0/41 HPs)
             Began as a Gnoll Wanderer on Feb 21, 2018.
             Slain by Robin
             ... wielding a +0 whip
              (4 damage)
             ... on level 2 of the Dungeon.
             The game lasted 00:01:45 (1400 turns).

wolfsongas the Skirmisher (Gnoll Wanderer)          Turns: 1400, Time: 00:01:45

Health: 0/41       AC:  5    Str: 12 (15) XL:     4   Next: 31%
Magic:  8/8        EV:  7    Int: 17 (18) God:
Gold:   39         SH:  7    Dex:  8 (11) Spells: 9/9 levels left

rFire    . . .     SeeInvis .   a - +2 hand axe
rCold    . . .     Gourm    .   h - +1 shield (curse)
rNeg     . . .     Faith    .   g - +0 ring mail
rPois    .         Spirit   .   (no helmet)
rElec    .         Reflect  .   (no cloak)
rCorr    .         Harm     .   (no gloves)
MR       .....                  (no boots)
Stlth    +.........             (no amulet)
HPRegen  0.13/turn              (no ring)
MPRegen  0.11/turn              (no ring)

@: flying
A: distributed training, fangs 1, strong nose
a: no special abilities


You were on level 2 of the Dungeon.
You were hungry.

You visited 1 branch of the dungeon, and saw 2 of its levels.

You collected 39 gold pieces.

Inventory:

Hand Weapons
 a - a +2 hand axe (weapon)
 d - a +0 blowgun
Missiles
 c - 49 poisoned needles
Armour
 e - a +0 robe
 g - a +0 ring mail (worn)
 h - a cursed +1 shield (worn)
Wands
 m - a wand of flame (13)
Scrolls
 l - 2 scrolls of identify
 n - a scroll of remove curse
Potions
 b - a potion of curing
Comestibles
 f - 4 rations
 o - 4 chunks of flesh


   Skills:
 + Level 6.6 Fighting
 + Level 1.1 Short Blades
 + Level 1.1 Long Blades
 + Level 2.7 Axes
 + Level 1.1 Maces & Flails
 + Level 1.1 Polearms
 + Level 1.1 Staves
 + Level 1.1 Slings
 + Level 1.1 Bows
 + Level 1.1 Crossbows
 + Level 4.6 Throwing
 + Level 2.7 Armour
 + Level 1.1 Dodging
 + Level 1.1 Stealth
 + Level 1.1 Shields
 + Level 1.1 Unarmed Combat
 + Level 3.0 Spellcasting
 + Level 0.8 Conjurations
 + Level 0.8 Hexes
 + Level 3.8 Charms
 + Level 0.8 Summonings
 + Level 0.8 Necromancy
 + Level 0.8 Translocations
 + Level 0.8 Transmutations
 + Level 0.8 Fire Magic
 + Level 0.8 Ice Magic
 + Level 0.8 Air Magic
 + Level 0.8 Earth Magic
 + Level 0.8 Poison Magic
 + Level 1.2 Invocations
 + Level 1.1 Evocations


You had 9 spell levels left.
You didn't know any spells.

Dungeon Overview and Level Annotations

Branches:
Dungeon (2/15)

Altars:

Annotations:
D:2 Robin


Innate Abilities, Weirdness & Mutations

Your experience applies equally to all skills.
You have very sharp teeth.
Your uncanny sense of smell can sniff out nearby items.


Message History

You hit the hobgoblin but do no damage.
The hobgoblin no longer looks unusually strong.
Robin hits you with a whip.
* * * LOW HITPOINT WARNING * * *
The hobgoblin closely misses you.
The hobgoblin hits you but does no damage.
The giant cockroach barely misses you. Robin hits you but does no damage.
The hobgoblin hits you.
* * * LOW HITPOINT WARNING * * *
You closely miss the giant cockroach.
The giant cockroach is severely wounded.
You hit the hobgoblin.
You kill the hobgoblin!
Your Spellcasting skill increases to level 3!
You hit Robin but do no damage. You barely miss the hobgoblin.
The hobgoblin no longer looks unusually strong.
Robin closely misses you.
The giant cockroach bites you but does no damage.
Robin hits you with a whip.
You die...

#.............########
#.#+###.......'.......
... +..)..[.#########
#####+###........# ..
........).......## ...
........#######..# ....
#.......# ##.# g....
##......########.#g.g...
######.....g@##?.#
#.....sgggg.#
#....>gggg)..#
#................
#................
..................
####..............
####...........
###'###....


You could see Robin (berserk), a giant cockroach, 5 hobgoblins and 3 goblins.

Vanquished Creatures
  Jessica (D:2)
  A worm (D:2)
  3 giant cockroaches
  10 goblins
  4 hobgoblins
  4 jackals (D:2)
  8 kobolds
  4 bats (D:1)
  6 rats
41 creatures vanquished.

Notes
Turn   | Place    | Note
-------+----------+-------------------------------------------
     0 | D:1      | wolfsongas the Gnoll Wanderer began the quest for the Orb.
     0 | D:1      | wolfsongas set off with: a +2 hand axe, a potion of curing, 14 poisoned needles, a +0 blowgun, a +0 robe, a ration
     0 | D:1      | Reached XP level 1. HP: 23/23 MP: 4/4
   186 | D:1      | Reached XP level 2. HP: 25/29 MP: 5/5
  1196 | D:2      | Reached XP level 3. HP: 35/35 MP: 7/7
  1206 | D:2      | Noticed Jessica
  1212 | D:2      | Killed Jessica
  1212 | D:2      | Reached skill level 1 in Invocations
  1217 | D:2      | Reached skill level 1 in Short Blades
  1217 | D:2      | Reached skill level 1 in Long Blades
  1217 | D:2      | Reached skill level 1 in Maces & Flails
  1217 | D:2      | Reached skill level 1 in Polearms
  1217 | D:2      | Reached skill level 1 in Staves
  1217 | D:2      | Reached skill level 1 in Slings
  1217 | D:2      | Reached skill level 1 in Bows
  1217 | D:2      | Reached skill level 1 in Crossbows
  1217 | D:2      | Reached skill level 1 in Dodging
  1217 | D:2      | Reached skill level 1 in Stealth
  1217 | D:2      | Reached skill level 1 in Shields
  1217 | D:2      | Reached skill level 1 in Unarmed Combat
  1217 | D:2      | Reached skill level 1 in Evocations
  1238 | D:2      | Reached XP level 4. HP: 31/41 MP: 8/8
  1376 | D:2      | Noticed Robin
  1400 | D:2      | Slain by Robin

Vault maps used:
D:1:      dpeg_arrival_subterranean_lakeside_camping
D:2:      led_sif_pool, uniq_robin, uniq_crazy_yiuf_cottage, uniq_jessica

Skill      XL: |  1  2  3  4 |
---------------+-------------+-----
Invocations    | 1 |  1.2
Short Blades   | 1 |  1.1
Long Blades    | 1 |  1.1
Maces & Flails | 1 |  1.1
Polearms       | 1 |  1.1
Staves         | 1 |  1.1
Slings         | 1 |  1.1
Bows           | 1 |  1.1
Crossbows      | 1 |  1.1
Dodging        | 1 |  1.1
Stealth        | 1 |  1.1
Shields        | 1 |  1.1
Unarmed Combat | 1 |  1.1
Evocations     | 1 |  1.1
Spellcasting   | 3 |  3.0
Fighting       | |  6.6
Axes           | |  2.7
Throwing       | |  4.6
Armour         | |  2.7
Conjurations   | |  0.8
Hexes          | |  0.8
Charms         | |  3.8
Summonings     | |  0.8
Necromancy     | |  0.8
Translocations | |  0.8
Transmutations | |  0.8
Fire Magic     | |  0.8
Ice Magic      | |  0.8
Air Magic      | |  0.8
Earth Magic    | |  0.8
Poison Magic   | |  0.8

Action                   |  1- 3 |  4- 6 || total
-------------------------+-------+-------++-------
Melee: Hand axe          |    57 |    29 ||    86
       Bite              |     4 |     4 ||     8
  Use: Scroll            |     4 |     1 ||     5
       Potion            |       |     3 ||     3
 Stab: Sleeping          |     1 |       ||     1
  Eat: Chunk             |     1 |       ||     1
Armor: Robe              |     1 |       ||     1
       Ring mail         |     7 |    20 ||    27
Dodge: Dodged            |    25 |    25 ||    50
Block: Shield            |     8 |    22 ||    30

Table legend:
 A = Spawn XP
 B = Non-spawn XP
 C = Spawn XP percentage of total XP
 D = Spawn monster count
 E = Non-spawn monster count
 F = Spawn count percentage of total count
 G = Total turns spent on level
                    A         B        C        D         E        F      G
               +---------+---------+-------+---------+---------+-------+---------
         Total |       0 |     108 |   0.0 |       0 |      41 |   0.0 |  1400
               +---------+---------+-------+---------+---------+-------+---------
           D:1 |       0 |      33 |   0.0 |       0 |      21 |   0.0 |  1192
           D:2 |       0 |      75 |   0.0 |       0 |      20 |   0.0 |   208
               +---------+---------+-------+---------+---------+-------+---------
